 Dungeon Crawl Stone Soup version 0.20.0-15-g7f486f2 (webtiles) character file.

64 Chiseanne the Magician (level 3, -9/26 HPs)
             Began as a Demonspawn Wizard on June 14, 2017.
             Splashed by Ijyb's acid (12 damage)
             ... on level 3 of the Dungeon.
             The game lasted 00:04:02 (2065 turns).

Chiseanne the Magician (Demonspawn Wizard)          Turns: 2065, Time: 00:04:03

Health: -9/26      AC:  9    Str:  7    XL:     3   Next: 91%
Magic:  17/17      EV: 10    Int: 20    God:
Gold:   105        SH:  0    Dex: 11    Spells: 8/9 levels left

rFire    + . .     SeeInvis .   a - +1 falchion
rCold    + . .     Gourm    .   (no shield)
rNeg     . . .     Faith    .   u - +2 ring mail {rF+}
rPois    .         Spirit   .   s - +1 helmet
rElec    .         Reflect  .   (no cloak)
rCorr    .         Harm     .   (no gloves)
MR       .....                  (no boots)
Stlth    +.........             b - amulet of rage
Regen    0.1/turn               n - ring of magical power
MPRegen  0.2/turn               k - +6 ring of slaying

@: no status effects
A: cold resistance 1, rot immunity
a: Evoke Berserk Rage


You were on level 3 of the Dungeon.
You were not hungry.

You visited 1 branch of the dungeon, and saw 3 of its levels.

You collected 105 gold pieces.

Inventory:

Hand Weapons
 a - a +1 falchion (weapon)
Missiles
 f - 109 stones (quivered)
 o - 29 bolts
 v - 11 arrows
Armour
 s - a +1 helmet (worn)
 u - a +2 ring mail of fire resistance (worn)
 w - a +0 robe
Jewellery
 b - an amulet of rage (around neck)
 k - a +6 ring of slaying (right hand)
 n - a ring of magical power (left hand)
Scrolls
 g - 2 scrolls of identify
 i - a scroll of remove curse
 j - 3 scrolls of teleportation
Potions
 e - a potion of haste {unknown}
 h - a potion of agility
 m - a potion of curing {unknown}
 p - a potion of degeneration {unknown}
Books
 c - a book of Minor Magic

   Spells                             Type                      Level
   a - Magic Dart                     Conjuration                  1
   b - Blink                          Translocation                2
   c - Call Imp                       Summoning                    2
   d - Slow                           Hexes                        2
   e - Conjure Flame                  Conjuration/Fire             3
   f - Mephitic Cloud                 Conjuration/Poison/Air       3
Comestibles
 d - a bread ration
 l - 6 chunks of flesh
 q - a meat ration
 r - a royal jelly


   Skills:
 * Level 1.1 Fighting
 * Level 0.5 Armour
 * Level 2.1 Dodging
 - Level 1.7 Stealth
 - Level 3.6 Spellcasting
 - Level 2.2 Conjurations
   Level 1.0 Summonings
   Level 0.8 Translocations


You had 8 spell levels left.
You knew the following spells:

 Your Spells              Type           Power        Failure   Level  Hunger
a - Magic Dart            Conj           ##..         19%         1    None


Dungeon Overview and Level Annotations

Branches:
Dungeon (3/15)

Altars:

Annotations:
D:2 1 runed door
D:3 Ijyb


Innate Abilities, Weirdness & Mutations

Your flesh is cold resistant. (rC+)
You are immune to rotting.


Message History

No target in view!
No target in view!
No target in view!
No target in view!
No target in view!
No target in view!
No target in view!
You now have 105 gold pieces (gained 15).
Ijyb the Twisted Goblin comes into view.
Ijyb drinks a potion.
Ijyb flickers and vanishes!
Deactivating autopickup; reactivate with Ctrl-A.
There is a stone staircase leading down here.
There is a stone staircase leading up here.
You hear a zap.
A bolt of acid appears from out of thin air!
The bolt of acid hits you!
Ouch! That really hurt!
* * * LOW HITPOINT WARNING * * *
You are splashed with acid!
The acid burns!
You die...

..............#
#..................###
+.....(............'.#
#..................#.#
#..................#.#
..................#.#
#####...............#.#
....................#.#
.........>.@........#.#
##......#...........#.#
###+#..†........#+##.#
...........#.....# #.#
...............#.# #.#
...............#.# #.#
.....#......#....# #.#
.....+...........#
#.######
.....###.........#
#.......


There were no monsters in sight!

Vanquished Creatures
  An adder (D:2)
  2 dart slugs (D:1)
  2 leopard geckos (D:1)
  An orc (D:1)
  A giant cockroach (D:2)
  4 goblins
  4 hobgoblins
  11 jackals (D:2)
  7 kobolds
  A quokka (D:2)
  A ball python (D:1)
  3 bats
  A frilled lizard (D:1)
  3 rats
42 creatures vanquished.

Notes
Turn   | Place    | Note
-------+----------+-------------------------------------------
     0 | D:1      | Chiseanne the Demonspawn Wizard began the quest for the Orb.
     0 | D:1      | Reached XP level 1. HP: 13/13 MP: 4/4
   606 | D:1      | Gained mutation: You are immune to rotting. [demonic ancestry]
   606 | D:1      | Reached XP level 2. HP: 19/19 MP: 0/6
  1463 | D:2      | Gained mutation: Your flesh is cold resistant. (rC+) [demonic ancestry]
  1463 | D:2      | Reached XP level 3. HP: 24/24 MP: 8/8
  1871 | D:2      | Found a runed door.
  1929 | D:2      | Reached skill level 1 in Fighting
  2023 | D:2      | You fall through a shaft!
  2060 | D:3      | Noticed Ijyb
  2065 | D:3      | Splashed by Ijyb's acid

Skill      XL: |  1  2  3 |
---------------+----------+-----
Conjurations   | 2 |  2.2
Dodging        | 2 |  2.1
Fighting       | 1 |  1.1
Armour         | |  0.5
Stealth        | |  1.7
Spellcasting   | |  3.6
Summonings     | |  1.0
Translocations | |  0.8

Action                   || total
-------------------------++-------
Melee: Dagger            ||    17
       Falchion          ||    32
 Cast: Magic Dart        ||    68
  Use: Scroll            ||     8
  Eat: Chunk             ||     3
Armor: Robe              ||     1
       Ring mail         ||    23
Dodge: Dodged            ||    36
       Rpst.: Falchion   ||     7
